 Dungeon Crawl Stone Soup version 0.31-a0-354-g827e0957a7 (webtiles) character file.

Game seed: 2310327566444071333

36 RepHenryClay the Ducker (level 3, -4/31 HPs)
             Began as a Ghoul Monk on July 23, 2023.
             Slain by a cerulean imp
             ... wielding a +0 spear
             ... summoned by Natasha
              (5 damage)
             ... on level 2 of the Dungeon.
             The game lasted 00:01:12 (946 turns).

RepHenryClay the Ducker (Ghoul Monk)                 Turns: 946, Time: 00:01:12

Health: -4/31      AC:  3    Str: 14    XL:     3   Next: 37%
Magic:  2/2        EV: 13    Int:  5    God:
Gold:   66         SH:  0    Dex: 13    Spells: 2/2 levels left

rFire   . . .        a - +0 mace
rCold   + . .        d - orb {light}
rNeg    + + +        b - +0 robe
rPois   ∞            (no helmet)
rElec   .            (no cloak)
rCorr   .            (no gloves)
SInv    .            g - +0 pair of boots
Will    .....        (no amulet)
Stlth   +            (no ring)
HPRegen 0.00/turn    (no ring)
MPRegen 0.08/turn

%: no passive effects
@: inhibited regen, glowing
A: claws 1, cold resistance 1, negative energy resistance 3, inhibited
regeneration, torment resistance 2, devour on kill
a: no special abilities


You were on level 2 of the Dungeon.
You visited 1 branch of the dungeon, and saw 2 of its levels.

You collected 66 gold pieces.

Inventory:

Hand Weapons
 a - a +0 mace (weapon)
Armour
 b - a +0 robe (worn)
 d - an orb of light (worn)
 g - a +0 pair of boots (worn)
Scrolls
 e - a scroll of noise {unknown}
 j - a scroll of immolation {unknown}
Potions
 c - 2 potions of ambrosia
 f - a potion of curing {unknown}
 h - a potion of degeneration {unknown}
 i - a potion of berserk rage {unknown}


   Skills:
 - Level 3.2 Fighting
 + Level 3.3 Maces & Flails
 + Level 3.3 Dodging


You had 2 spell levels left.
You didn't know any spells.
Your spell library was empty.

Dungeon Overview and Level Annotations

Branches:
Dungeon (2/15)

Altars:

Annotations:
D:2 Natasha


Innate Abilities, Weirdness & Mutations

You are immune to poison.
You have sharp fingernails.
Your flesh is cold resistant. (rC+)
You are immune to negative energy. (rN+++)
You do not regenerate when monsters are visible.
You are immune to unholy pain and torment.
You thrive by killing the living.


Message History

The endoplasm is moderately wounded.
The endoplasm closely misses you. The endoplasm barely misses you.
You hit the endoplasm.
You kill the endoplasm!
Natasha howls an incantation.
Natasha's front paws start to glow.
You hit Natasha.
Natasha is lightly wounded.
Natasha claws you!
The cerulean imp hits you from afar with a +0 spear.
Huge Dmg: -32%(-10hp) hp: 68%(21hp)
You sock Natasha!
Natasha is heavily wounded.
Natasha closely misses you.
The cerulean imp hits you from afar with a +0 spear.
Damage: -13%(-4hp) hp: 55%(17hp)
You hit Natasha.
Natasha is severely wounded.
Natasha mumbles some strange words.
The cerulean imp hits you from afar with a +0 spear.
Natasha howls an incantation.
You feel troubled. Natasha claws you.
Huge Dmg: -13%(-4hp) hp: 42%(13hp)
You closely miss Natasha.
Natasha is severely wounded.
The cerulean imp hits you from afar with a +0 spear.
* * * LOW HITPOINT WARNING * * *
Natasha mumbles some strange words.
Huge Dmg: -16%(-5hp) hp: 26%(8hp)
You hit Natasha but do no damage.
Natasha is severely wounded.
The cerulean imp closely misses you.
The cerulean imp hits you from afar with a +3 spear.
* * * LOW HITPOINT WARNING * * *
Natasha casts a spell at you. The magic dart hits you.
* * * LOW HITPOINT WARNING * * *
The cerulean imp hits you from afar with a +0 spear.
You die...

....#...##.....#
....#.#.##.#####
#.###.#....# .. ..#
#.###### ##.### ### #.#
#....### # #.# #....<. #
#.# #.....# ####.# #.....#
##..).# ## #..@#######.
#...##....... ####h5......
#...##.###########5##.#.##
#......#.....#...#5.#
#...####...#.#..###.#
#............#......#
###.##.........######
...##...##.####
#.####........#


You could see Natasha and 3 cerulean imps.

Vanquished Creatures
  An adder (D:2)
  2 dart slugs
  3 ball pythons
  2 endoplasms
  A giant cockroach (D:1)
  A goblin (D:1)
  A hobgoblin (D:1)
  4 bats (D:1)
  5 frilled lizards (D:1)
  2 kobolds (D:1)
  2 rats
24 creatures vanquished.

Notes
Turn   | Place    | Note
-------+----------+-------------------------------------------
     0 | D:1      | RepHenryClay the Ghoul Monk began the quest for the Orb.
     0 | D:1      | Reached XP level 1. HP: 19/19 MP: 0/0
    71 | D:1      | Reached XP level 2. HP: 20/26 MP: 1/1
   782 | D:2      | Reached XP level 3. HP: 30/31 MP: 2/2
   938 | D:2      | Noticed Natasha
   946 | D:2      | HP: 1/31 [Natasha/magic dart (3)]
   946 | D:2      | Slain by a cerulean imp

Illustrated notes

Levels and vault maps discovered:
D:1:      heliophobic_arrival_henge, layout_basic, minmay_lizard_pond
D:2:      layout_basic, basic_altar, uniq_natasha

Skill      XL: |  1  2 |
---------------+-------+-----
Maces & Flails | 3 |  3.3
Dodging        | 3 |  3.3
Fighting       | |  3.2

Action                     || total
---------------------------++-------
  Melee: Mace              ||    59
 Armour: Robe              ||    15
  Dodge: Dodged            ||    38

Table legend: (Time is in decaauts)
 A = Elapsed time spent in this place.
 B = Non-inter-level travel time spent in this place.
 C = Inter-level travel time spent in this place.
 D = Time resting spent in this place.
 E = Time spent auto-exploring this place.
 F = Levels seen in this place.
 G = Mean time per level.
                   A        B        C        D        E       F      G
               +--------+--------+--------+--------+--------+-----+--------+
         Total |    960 |    951 |      9 |      0 |    784 |   2 |  480.0 |
       Dungeon |    960 |    951 |      9 |      0 |    784 |   2 |  480.0 |
               +--------+--------+--------+--------+--------+-----+--------+

Top non-repeatable levels by time:
     D:1: 765 daAuts
     D:2: 195 daAuts
